 Dungeon Crawl Stone Soup version 0.29.0-4-gdea44cf6ec (webtiles) character file.

Game seed: 10804295052375151749

156 qw the Chopper (level 5, 0/45 HPs)
             Began as a Minotaur Fighter on Sept 5, 2022.
             Slain by an orc
             ... wielding a +0 club
              (4 damage)
             ... on level 3 of the Dungeon.
             The game lasted 00:00:53 (2692 turns).

qw the Chopper (Minotaur Fighter)                   Turns: 2692, Time: 00:00:53

Health: 0/45       AC:  9    Str: 22    XL:     5   Next: 14%
Magic:  4/4        EV:  9    Int:  5    God:
Gold:   95         SH:  4    Dex: 10    Spells: 4/4 levels left

rFire   . . .      SeeInvis .   Y - +1 war axe
rCold   . . .      Faith    .   c - +0 buckler
rNeg    . . .      Spirit   .   b - +0 scale mail
rPois   .          Reflect  .   (helmet restricted)
rElec   .          Harm     .   f - +0 cloak
rCorr   .          Rampage  .   (no gloves)
Will    .....                   m - +0 pair of boots
Stlth   ..........              (no amulet)
HPRegen 0.15/turn               (no ring)
MPRegen 0.09/turn               (no ring)

@: lethally poisoned (0 -> -7)
A: horns 2, retaliatory headbutt
a: no special abilities


You were on level 3 of the Dungeon.
You visited 1 branch of the dungeon, and saw 3 of its levels.

You collected 95 gold pieces.


Innate Abilities, Weirdness & Mutations

You have a pair of horns on your head.
You reflexively headbutt those who attack you in melee.


   Skills:
 - Level 3.6 Fighting
 + Level 6.3 Axes
 - Level 3.6 Armour
 - Level 1.1 Dodging
 - Level 3.6 Shields


You had 4 spell levels left.
You didn't know any spells.
Your spell library was empty.

Inventory:

Hand Weapons
 i - a +0 whip
 Y - a +1 war axe (weapon)
Armour
 b - a +0 scale mail (worn)
 c - a +0 buckler (worn)
 f - a +0 cloak (worn)
 m - a +0 pair of boots (worn)
Scrolls
 e - a scroll of identify
Potions
 a - a potion of degeneration {unknown}
 d - a potion of might
 g - a potion of haste
 k - a potion of cancellation {unknown}

Dungeon Overview and Level Annotations

Branches:
Dungeon (3/15)

Altars:


Message History

The orc wizard closely misses you.
You bump into the stone wall.
You feel sick.
The orc wizard hits you but does no damage.
The kobold hits you but does no damage.
You are more poisoned.
You miss the orc wizard. Your headbutt misses the orc wizard.
The orc wizard is moderately wounded.
You miss the kobold.
You feel very sick.
The kobold hits you with a +1 short sword of venom.
The orc wizard hits you but does no damage.
The kobold hits you but does no damage. The orc wizard casts a spell at you.
You resist with some effort.
The orc priest casts a cantrip, but nothing happens.
You bump into the stone wall.
You feel sick. The kobold barely misses you.
The orc wizard hits you but does no damage.
You bump into the stone wall.
You feel less confused.
You feel sick. The kobold hits you but does no damage.
You are lethally poisoned!
The orc wizard barely misses you.
You closely miss the orc wizard. You headbutt the orc wizard!
You kill the orc wizard!
You hit the kobold but do no damage.
You feel very sick. The kobold barely misses you.
You have reached level 5!
You slash the kobold!
You kill the kobold!
You barely miss the orc.
You feel very sick. The orc closely misses you.
You slash the orc priest!
You kill the orc priest!
You hit the orc.
You feel sick. The orc hits you with a +0 club.
You die...

#.. .. #.# ..# .
#..#... ..#..}.
#####)......
##...@o...#
##...###....#
####......###....
...........# #..
.. ####.......# #
. ###.....###
###### .
#.........#
#....##
#.###.###.#
#####.# #. #..#
#.########.#####


You could see an orc.

Vanquished Creatures
  Crazy Yiuf (D:2)
  An orc priest (D:3)
  An orc wizard (D:3)
  Robin (D:2)
  3 adders
  A worm (D:2)
  2 dart slugs (D:1)
  2 orcs (D:3)
  2 bats
  2 endoplasms
  A giant cockroach (D:1)
  11 goblins
  6 hobgoblins
  3 jackals (D:1)
  A quokka (D:1)
  7 ball pythons
  6 kobolds
  5 rats (D:1)
56 creatures vanquished.

Notes
Turn   | Place    | Note
-------+----------+-------------------------------------------
     0 | D:1      | qw the Minotaur Fighter began the quest for the Orb.
     0 | D:1      | Reached XP level 1. HP: 19/19 MP: 0/0
     0 | D:1      | 0 ||| qw: Version: 0.1-a-104-g96f76f8
     0 | D:1      | 0 ||| qw: Game counter: 5795
     0 | D:1      | 0 ||| qw: Always use a shield: true
     0 | D:1      | 0 ||| qw: God list: Ru
     0 | D:1      | 0 ||| qw: Allow faded altars: false
     0 | D:1      | 0 ||| qw: Do Orc after D:15 true
     0 | D:1      | 0 ||| qw: Do second Lair branch before Depths: true
     0 | D:1      | 0 ||| qw: Lair rune preference: random
     0 | D:1      | 0 ||| qw: Plans: Normal
     0 | D:1      | 0 ||| PLANNING D:1-11
    74 | D:1      | Reached skill level 3 in Axes
   121 | D:1      | Found a faded altar of an unknown god.
   166 | D:1      | Reached XP level 2. HP: 26/26 MP: 1/1
   226 | D:1      | 226 ||| Stepping ~*~*~tactically~*~*~ (stealth).
   235 | D:1      | Reached skill level 4 in Axes
   511 | D:1      | Reached XP level 3. HP: 31/31 MP: 2/2
   826 | D:1      | 826 ||| UPGRADING to +0 pair of boots.
   831 | D:1      | 831 ||| READING scroll labelled DOOCEU ICU QIE.
   832 | D:1      | 832 ||| READING scroll labelled BUSKOHAOTA.
   833 | D:1      | 833 ||| READING 3 scrolls labelled DOAPEVAUMA.
   834 | D:1      | 834 ||| READING scroll labelled VAPTUO WOFFERGH.
   968 | D:1      | 968 ||| READING scroll labelled JEHOHUROLA.
   969 | D:1      | 969 ||| DROPPING 2 scrolls of fear.
  1000 | D:2      | 1000 ||| Stepping ~*~*~tactically~*~*~ (stealth).
  1003 | D:2      | Noticed Robin
  1004 | D:2      | 1004 ||| Stepping ~*~*~tactically~*~*~ (stealth).
  1007 | D:2      | 1007 ||| Stepping ~*~*~tactically~*~*~ (hiding).
  1008 | D:2      | 1008 ||| STAIRDANCE
  1110 | D:1      | 1110 ||| READING scroll labelled LITSEDGHU URUM.
  1113 | D:2      | 1113 ||| STAIRDANCE
  1176 | D:2      | 1176 ||| STAIRDANCE
  1234 | D:2      | 1234 ||| STAIRDANCE
  1262 | D:2      | 1262 ||| STAIRDANCE
  1274 | D:2      | Killed Robin
  1275 | D:2      | Reached skill level 5 in Axes
  1561 | D:2      | Reached skill level 1 in Dodging
  1561 | D:2      | Reached XP level 4. HP: 31/39 MP: 3/3
  1720 | D:2      | 1720 ||| Stepping ~*~*~tactically~*~*~ (stealth).
  1724 | D:2      | 1724 ||| Stepping ~*~*~tactically~*~*~ (stealth).
  1725 | D:2      | 1725 ||| Stepping ~*~*~tactically~*~*~ (stealth).
  1727 | D:2      | 1727 ||| Stepping ~*~*~tactically~*~*~ (stealth).
  1728 | D:2      | 1728 ||| Stepping ~*~*~tactically~*~*~ (stealth).
  1917 | D:2      | Found a runed translucent door.
  1918 | D:2      | Noticed Crazy Yiuf
  2252 | D:2      | 2252 ||| Stepping randomly (stuck).
  2254 | D:2      | Killed Crazy Yiuf
  2408 | D:2      | 2408 ||| UPGRADING to +0 cloak.
  2465 | D:3      | 2465 ||| Stepping ~*~*~tactically~*~*~ (stealth).
  2679 | D:3      | 2679 ||| Stepping ~*~*~tactically~*~*~ (stealth).
  2681 | D:3      | Reached skill level 6 in Axes
  2690 | D:3      | HP: 8/39 [poisoned by a kobold]
  2691 | D:3      | Reached XP level 5. HP: 9/45 MP: 4/4
  2692 | D:3      | Slain by an orc

Levels and vault maps discovered:
D:1:      lemuel_arrival_lava_pool, layout_basic,
          shapermc_ecumenical_altar_totnotflames
D:2:      layout_basic, uniq_robin, uniq_crazy_yiuf_cottage
D:3:      minmay_skewed_foursquare, layout_loops_corners,
          ebering_ghost_reflecting_pool

Skill      XL: |  1  2  3  4 |
---------------+-------------+-----
Axes           | 3 4 5 6 |  6.3
Dodging        | 1 |  1.1
Fighting       | |  3.6
Armour         | |  3.6
Shields        | |  3.6

Action                   |  1- 3 |  4- 6 || total
-------------------------+-------+-------++-------
Melee: War axe           |    88 |    17 ||   105
       Headbutt          |     5 |     1 ||     6
  Use: Scroll            |     6 |       ||     6
Armor: Scale mail        |    43 |     9 ||    52
Dodge: Dodged            |    48 |     9 ||    57
Block: Buckler           |    21 |     3 ||    24

Table legend:
 A = Non-vault XP
 B = Vault XP
 C = Vault XP percentage of total XP
 D = Non-vault monster count
 E = Vault monster count
 F = Vault count percentage of total count
                 A         B        C        D         E       F
            +---------+---------+-------+---------+---------+-------
      Total |     171 |      92 |  35.0 |      40 |      16 |  28.6
            +---------+---------+-------+---------+---------+-------
        D:1 |      50 |      15 |  23.1 |      28 |       8 |  22.2
        D:2 |      37 |      60 |  61.9 |       6 |       5 |  45.5
        D:3 |      84 |      17 |  16.8 |       6 |       3 |  33.3
            +---------+---------+-------+---------+---------+-------
